Map: Automaton LE

Players

Throwfordays - Winner!

  • Race: Protoss Protoss
  • League: Bronze
  • Spawn Location: 3:00

Mikayyy

  • Race: Protoss Protoss
  • League: Silver
  • Spawn Location: 9:00

VOD

Have the link to the VOD?

Description

Time

  • Played on: Feb. 2, 2019, 12:10 p.m.
  • Length: 6:20
Show
View Real Time Build Order
Export as new Build Order

Throwfordays Protoss - Winner!

Build Orders:  

Get SALT Encoding   

  12  0:00  Probe  
  13  0:13  Probe  
  14  0:19  Pylon  
  14  0:25  Probe  
  15  0:37  Probe  
  15  0:40  Gateway  
  16  0:49  Assimilator, Probe  
  17  0:57  Pylon  
  17  1:02  Probe  
  18  1:14  Probe  
  19  1:26  Probe  
  19  1:28  Cybernetics Core  
  19  1:29  Zealot  
  22  1:38  Warp Gate  
  22  1:44  Probe  
  23  1:50  Gateway  
  23  1:56  Pylon  
  23  2:10  Pylon  
  23  2:17  Assimilator  
  23  2:33  Nexus  
  23  2:39  Probe  
  24  2:49  Adept  
  24  2:51  Probe  
  27  2:56  Adept  
  29  3:03  Probe  
  30  3:18  Forge  
  30  3:19  Probe  
  30  3:20  Gateway  
  31  3:27  Probe  
  32  3:36  Probe  
  32  3:38  Protoss Ground Weapons Level 1  
  32  3:41  Probe  
  33  3:48  Probe  
  35  3:49  Probe  
  36  3:59  Probe  
  36  4:00  Probe  
  38  4:11  Probe  
  38  4:12  Probe  
  38  4:14  Stalker  
  42  4:19  Stalker  
  42  4:23  Probe  
  45  4:24  Probe  
  45  4:26  Gateway  
  46  4:33  Twilight Council  
  46  4:35  Probe  
  47  4:40  Gateway  
  47  4:47  Probe  
  47  4:50  Probe  
  49  4:52  Stalker  
  49  4:54  Stalker  
  49  4:59  Probe  
  54  5:03  Gateway  
  54  5:08  Stalker  
  56  5:21  Stalker  
  56  5:22  Stalker x2  
  62  5:35  Pylon  
  56  5:44  Stalker x2  
  56  5:45  Stalker  
  60  5:58  Stalker x3  
  62  6:05  Gateway  
Show
View Real Time Build Order
Export as new Build Order

Mikayyy Protoss 

Build Orders: Double Forge 

Get SALT Encoding   

  12  0:03  Probe  
  13  0:17  Pylon  
  13  0:18  Probe  
  14  0:35  Gateway  
  14  0:36  Probe  
  15  0:45  Probe  
  16  0:55  Assimilator, Probe  
  17  1:07  Probe  
  18  1:34  Cybernetics Core  
  18  1:36  Probe  
  19  1:45  Gateway  
  19  1:48  Probe  
  20  2:00  Probe, Warp Gate  
  21  2:07  Nexus  
  21  2:12  Probe  
  22  2:24  Probe  
  23  2:34  Assimilator  
  23  2:53  Pylon  
  23  3:13  Robotics Facility  
  23  3:14  Twilight Council  
  23  3:18  Probe  
  23  3:21  Probe  
  23  3:26  Probe  
  25  3:33  Probe  
  27  3:43  Forge  
  27  3:44  Forge  
  27  3:50  Stalker x2  
  31  4:00  Immortal  
  31  4:02  Probe x2  
  37  4:06  Blink  
  37  4:10  Pylon  
  37  4:18  Probe x2  
  39  4:28  Stalker  
  41  4:36  Gateway  
  41  4:38  Gateway  
  41  4:39  Gateway  
  41  4:41  Probe x2  
  43  4:54  Observer  
  43  4:58  Probe x2  
  46  5:10  Probe x2  
  48  5:22  Probe x2  
  48  5:37  Stalker x4  
  52  5:50  Pylon  
  52  5:51  Pylon  
Tags
 
Matchup
PvP
Replay Pack
Multiplayer
Spawn Locations
Cross Positions
Add a new tag
Caveats
  • Supply blocks, unpowered buildings, or Contaminate may cause inaccurate times.
  • Supply counts are checked every 10 seconds.